 Dungeon Crawl Stone Soup version 0.27-a0-1105-g946c659c87 (webtiles) character file.

Game seed: 6908552679270541315

313 HendSelp the Twirler (level 5, 0/41 HPs)
             Began as a Demigod Gladiator on Apr 30, 2021.
             Slain by a hobgoblin (4 damage)
             ... led by Robin
             ... on level 4 of the Dungeon.
             The game lasted 00:03:07 (4456 turns).

HendSelp the Twirler (Demigod Gladiator)            Turns: 4456, Time: 00:03:08

Health: 0/41       AC:  4    Str: 19    XL:     5   Next: 98%
Magic:  7/7        EV: 12    Int: 10    God:
Gold:   151        SH:  0    Dex: 15    Spells: 4/4 levels left

rFire    . . .     SeeInvis .   a - +0 quarterstaff
rCold    . . .     Faith    .   (shield currently unavailable)
rNeg     . . .     Spirit   .   b - +0 leather armour
rPois    .         Reflect  .   c - +0 helmet
rElec    .         Harm     .   (no cloak)
rCorr    .         Rampage  .   (no gloves)
Will     .....                  (no boots)
Stlth    +.........             (no amulet)
HPRegen  0.13/turn              (no ring)
MPRegen  0.10/turn              (no ring)

@: lethally poisoned (0 -> -3)
A: high mp 1, forlorn
a: no special abilities


You were on level 4 of the Dungeon.
You visited 1 branch of the dungeon, and saw 4 of its levels.

You collected 151 gold pieces.

Inventory:

Hand Weapons
 a - a +0 quarterstaff (weapon)
Armour
 b - a +0 leather armour (worn)
 c - a +0 helmet (worn)
Scrolls
 k - a scroll of amnesia {unknown}
Potions
 d - a potion of attraction {unknown}
 e - a potion of haste
 g - a potion of invisibility
 h - 2 potions of might
 j - a potion of brilliance


   Skills:
 - Level 1.7 Fighting
 + Level 6.4 Staves
 - Level 1.7 Throwing
 - Level 2.6 Dodging


You had 4 spell levels left.
You didn't know any spells.
Your spell library was empty.

Dungeon Overview and Level Annotations

Branches:
Dungeon (4/15)
 Temple: D:4-7

Shops:
D:3 ?


Innate Abilities, Weirdness & Mutations

Your attributes grow dramatically as you level up.
You have an increased reservoir of magic. (+10% MP)
You shall have no god before yourself.


Message History

You sock Robin!
Robin is heavily wounded.
Robin hits you with a +1 dagger of venom.
You are poisoned.
The goblin hits you with a +0 club.
You hit Robin.
Robin is severely wounded.
You feel very sick.
A goblin comes into view. It is wielding a +0 club.
Robin barely misses you. The goblin barely misses you.
You completely miss Robin.
Robin is severely wounded.
You feel very sick. Robin misses you. The goblin misses you.
You thump Robin!
You kill Robin!
You feel sick. The goblin hits you with a +0 club.
You closely miss the goblin.
You feel sick. The goblin barely misses you.
You closely miss the goblin.
You feel sick. The hobgoblin hits you.
* * * LOW HITPOINT WARNING * * *
The goblin barely misses you.
Unknown command.
Unknown command.
Unknown command.
As you read the scroll of teleportation, it crumbles to dust.
You feel strangely unstable.
You feel sick.
The hobgoblin no longer looks unusually strong.
The goblin no longer looks unusually strong.
The hobgoblin hits you.
* * * LOW HITPOINT WARNING * * *
The goblin hits you with a +0 club.
* * * LOW HITPOINT WARNING * * *
Unknown command.
Unknown command.
It was a potion of cancellation.
You feel strangely stable.
You feel magically purged.
* * * LOW HITPOINT WARNING * * *
You feel sick. The hobgoblin hits you.
You die...

#######.##.###.
##..............
#...........####
########..##.##.#..####
[.........#.#..>.......
.#######..##...........
#..##..#........
#.#######..##..#........
#.ggggg@g......#........
#..######..###...#.[..##
#...............
#.#####..##..###
#.>..........###
#######..##.....
#..##..### #..##..###
#..##.....


You could see 2 hobgoblins and 4 goblins.

Vanquished Creatures
  Sigmund (D:2)
  Terence (D:2)
  Natasha (D:4)
  Robin (D:4)
  A gnoll (D:1)
  2 adders (D:3)
  3 worms (D:2)
  A dart slug (D:3)
  6 endoplasms
  6 giant cockroaches
  10 goblins
  6 hobgoblins
  3 jackals (D:2)
  4 quokkas
  8 ball pythons
  5 bats
  5 frilled lizards
  4 kobolds
  5 rats
73 creatures vanquished.

Notes
Turn   | Place    | Note
-------+----------+-------------------------------------------
     0 | D:1      | HendSelp the Demigod Gladiator began the quest for the Orb.
     0 | D:1      | Reached XP level 1. HP: 17/17 MP: 3/3
   152 | D:1      | Reached skill level 3 in Staves
   280 | D:1      | Reached XP level 2. HP: 17/24 MP: 4/4
  1128 | D:1      | Reached XP level 3. HP: 16/29 MP: 5/5
  1405 | D:1      | Reached skill level 4 in Staves
  1957 | D:2      | Noticed Terence
  1975 | D:2      | Killed Terence
  2282 | D:2      | Reached XP level 4. HP: 36/36 MP: 6/6
  2604 | D:2      | Noticed Sigmund
  2656 | D:2      | Killed Sigmund
  2657 | D:2      | Reached skill level 6 in Staves
  2657 | D:2      | Reached XP level 5. HP: 3/41 MP: 7/7
  3599 | D:3      | Found Waedias's Magic Scroll Emporium.
  4169 | D:4      | Noticed Natasha
  4180 | D:4      | Killed Natasha
  4436 | D:4      | Noticed Robin
  4452 | D:4      | Killed Robin
  4456 | D:4      | Slain by a hobgoblin

Illustrated notes

Levels and vault maps discovered:
D:1:      arrival_zaba_pyramid, layout_basic, ebering_ecumenical_altar_rust
D:2:      layout_basic, uniq_terence, uniq_sigmund
D:3:      layout_basic, serial_shops, shop
D:4:      layout_loops_ring, nemelex_spade_bored_becter, glass_columns_a,
          uniq_robin, uniq_natasha

Skill      XL: |  1  2  3  4 |
---------------+-------------+-----
Staves         | 3 4 6 |  6.4
Fighting       | |  1.7
Throwing       | |  1.7
Dodging        | |  2.6

Action                   |  1- 3 |  4- 6 || total
-------------------------+-------+-------++-------
Melee: Quarterstaff      |   107 |   102 ||   209
Throw: Throwing net      |     1 |     2 ||     3
  Use: Scroll            |     6 |     2 ||     8
       Potion            |       |     1 ||     1
 Stab: Sleeping          |     2 |     2 ||     4
Armor: Leather armour    |    26 |    20 ||    46
Dodge: Dodged            |    71 |    71 ||   142

Table legend: (Time is in decaauts)
 A = Elapsed time spent in this place.
 B = Non-inter-level travel time spent in this place.
 C = Inter-level travel time spent in this place.
 D = Time resting spent in this place.
 E = Time spent auto-exploring this place.
 F = Levels seen in this place.
 G = Mean time per level.
                   A        B        C        D        E       F      G
               +--------+--------+--------+--------+--------+-----+--------+
         Total |   4469 |   4340 |    129 |    112 |   3715 |   4 | 1117.2 |
       Dungeon |   4469 |   4340 |    129 |    112 |   3715 |   4 | 1117.2 |
               +--------+--------+--------+--------+--------+-----+--------+

Top non-repeatable levels by time:
     D:2: 1737 daAuts
     D:1: 1612 daAuts
     D:3: 835 daAuts
     D:4: 284 daAuts
